 Dungeon Sprint DCSS version 0.21.1-1-g345015f (webtiles) character file.

4700000 Fang the Axe Maniac (level 25, -13/257 HPs)
             Began as a Minotaur Gladiator on May 9, 2018.
             Was the Champion of Makhleb.
             Mangled by The Servant
             ... wielding a +9 glaive of flaming
              (58 damage)
             ... in the Dungeon (Sprint VIII: "Arena of Blood").
             The game lasted 00:00:52 (47 turns).

Fang the Axe Maniac (Minotaur Gladiator)              Turns: 47, Time: 00:00:52

Health: -13/257    AC:  6    Str: 29    XL:     25   Next: 46%
Magic:  20/53      EV: 31    Int:  5    God:    Makhleb [******]
Gold:   0          SH:  0    Dex: 14    Spells: 78/78 levels left

rFire    . . .     SeeInvis .   l - +∞ Axe of Woe
rCold    . . .     Gourm    .   (shield currently unavailable)
rNeg     . . .     Faith    .   b - +0 leather armour
rPois    .         Spirit   .   c - +0 hat
rElec    .         Reflect  .   (no cloak)
rCorr    .         Harm     .   (no gloves)
MR       +....     NoTele   +   (no boots)
Stlth    +++++++++.             (no amulet)
HPRegen  0.52/turn              (no ring)
MPRegen  0.33/turn              (no ring)

@: no status effects
A: retaliatory headbutt, horns 2
a: Minor Destruction, Lesser Servant of Makhleb, Major Destruction, Greater
Servant of Makhleb, Renounce Religion


You were in the Dungeon.
You worshipped Makhleb.
Makhleb was exalted by your worship.
You were not hungry.

You visited 1 branch

Inventory:

Hand Weapons
 a - a +0 war axe
 l - the +∞ Axe of Woe (weapon)
   (You found it in the Dungeon)
Missiles
 d - 3 throwing nets (quivered)
Armour
 b - a +0 leather armour (worn)
 c - a +0 hat (worn)
Scrolls
 k - a scroll of blinking
Potions
 e - a potion of curing
 g - a potion of heal wounds
 h - a potion of haste
 i - 2 potions of magic
 j - a potion of berserk rage
Comestibles
 f - a ration


   Skills:
 O Level 27 Fighting
 O Level 27 Axes
 O Level 27 Throwing
 O Level 27 Armour
 O Level 27 Dodging
 O Level 27 Stealth
 O Level 27 Unarmed Combat
 O Level 27 Spellcasting
 O Level 27 Invocations


You had 78 spell levels left.
You didn't know any spells.

Dungeon Overview and Level Annotations

Branches:
Dungeon (1/1)

Altars:
Makhleb

Annotations:
D The Servant


Innate Abilities, Weirdness & Mutations

You reflexively headbutt those who attack you in melee.
You have a pair of horns on your head.


Message History

Makhleb accepts your kill.
You hear a shout!
The destroyer blinks!
You hear a shout!
The Servant is engulfed in blazing flames.
The Servant hits you from afar with a +9 glaive of flaming!!!
The Servant burns you!!
You hear a shout! x5 2 vampire knights come into view.
A destroyer is wielding a +9 great sword of slicing.
A destroyer is wielding a +9 great sword of slicing.
You hear a shout! x2
The destroyer blinks!
You hear a shout! x4
The destroyer blinks!
The Servant is engulfed in blazing flames.
The Servant hits you with a +9 glaive of flaming!!!!
Ouch! That really hurt!
* * * LOW HITPOINT WARNING * * *
The Servant burns you!!!
You die...

.%..%.......
......V%...
...........
.......... .
#o......# #..
#.§§§...#
...V###o§V§...###.
......§)§###......
.#.o.%§@x)_......
.....V@#V.)).#..
.......#V)<._#
.......#).§.§#
.#.......)_......
....%....###......
....###... ..###.
o... #... ..# #...
.#


You could see The Servant, 6 destroyers, 4 bags of meat and a crawling corpse.

Vanquished Creatures
  5 vampire knights (D)
  8 ogres (D)
  5 two-headed ogres (D)
  26 orcs (D)
  A skeletal warrior (D)
  A small abomination (D)
  2 large abominations (D)
  A crawling corpse (D)
49 creatures vanquished.

Vanquished Creatures (others)
  A crawling corpse (D)
1 creature vanquished.

Grand Total: 50 creatures vanquished

Notes
Turn   | Place    | Note
-------+----------+-------------------------------------------
     0 | D        | Found the +∞ Axe of Woe
     0 | D        | Fang the Minotaur Gladiator began the quest for the Orb.
     0 | D        | Reached XP level 1. HP: 18/18 MP: 0/0
     3 | D        | Noticed a bag of meat
     4 | D        | Became a worshipper of Makhleb the Destroyer
     5 | D        | Noticed a bag of meat
     5 | D        | Noticed a bag of meat
     7 | D        | Killed a bag of meat
     7 | D        | Reached XP level 2. HP: 41/41 MP: 1/1
     7 | D        | Reached XP level 3. HP: 48/48 MP: 2/2
     7 | D        | Reached XP level 4. HP: 56/56 MP: 3/3
     7 | D        | Reached XP level 5. HP: 62/62 MP: 4/4
     7 | D        | Reached XP level 6. HP: 70/70 MP: 5/5
     7 | D        | Reached XP level 7. HP: 77/77 MP: 6/6
     7 | D        | Reached XP level 8. HP: 83/83 MP: 7/7
     7 | D        | Reached XP level 9. HP: 90/90 MP: 8/8
     7 | D        | Reached XP level 10. HP: 97/97 MP: 9/9
     7 | D        | Reached XP level 11. HP: 104/104 MP: 10/10
     8 | D        | Noticed a bag of meat
     9 | D        | Noticed a bag of meat
     9 | D        | Noticed a bag of meat
     9 | D        | Noticed a meat berserker
     9 | D        | Killed a bag of meat
     9 | D        | Reached * piety under Makhleb
     9 | D        | Reached XP level 12. HP: 116/116 MP: 11/11
    10 | D        | Killed a bag of meat
    10 | D        | Reached skill level 15 in Fighting
    10 | D        | Reached XP level 13. HP: 126/126 MP: 12/12
    11 | D        | Killed a bag of meat
    11 | D        | Reached XP level 14. HP: 137/137 MP: 13/13
    12 | D        | Killed a bag of meat
    12 | D        | Reached ** piety under Makhleb
    12 | D        | Reached skill level 27 in Axes
    14 | D        | Noticed a meat berserker
    14 | D        | Killed a meat berserker
    14 | D        | Reached skill level 27 in Dodging
    14 | D        | Reached XP level 15. HP: 100/162 MP: 14/14
    15 | D        | Noticed a meat berserker
    19 | D        | Noticed a meat berserker
    19 | D        | Killed a meat berserker
    19 | D        | Reached *** piety under Makhleb
    19 | D        | Reached skill level 27 in Fighting
    19 | D        | Reached XP level 16. HP: 167/183 MP: 15/15
    20 | D        | Killed a meat berserker
    20 | D        | Reached skill level 27 in Throwing
    20 | D        | Reached XP level 17. HP: 191/191 MP: 16/16
    21 | D        | Noticed a meat berserker
    23 | D        | Noticed a large bag of meat
    23 | D        | Killed a meat berserker
    24 | D        | Reached **** piety under Makhleb
    24 | D        | Reached skill level 27 in Armour
    25 | D        | Noticed a large bag of meat
    25 | D        | Noticed a large bag of meat
    26 | D        | Killed a meat berserker
    26 | D        | Reached XP level 18. HP: 200/200 MP: 16/30
    26 | D        | Reached skill level 15 in Unarmed Combat
    26 | D        | Reached skill level 10 in Spellcasting
    27 | D        | Reached skill level 15 in Invocations
    27 | D        | Reached ***** piety under Makhleb
    27 | D        | Reached skill level 15 in Stealth
    27 | D        | Reached XP level 19. HP: 207/207 MP: 16/34
    29 | D        | Noticed a large bag of meat
    29 | D        | Noticed a meat berserker
    29 | D        | Noticed a large bag of meat
    29 | D        | Reached skill level 15 in Spellcasting
    30 | D        | Killed a large bag of meat
    30 | D        | Reached XP level 20. HP: 216/216 MP: 16/39
    31 | D        | Noticed The Servant
    32 | D        | Noticed a destroyer
    32 | D        | Killed a large bag of meat
    32 | D        | Reached ****** piety under Makhleb
    32 | D        | Reached skill level 27 in Unarmed Combat
    33 | D        | Killed a large bag of meat
    33 | D        | Reached XP level 21. HP: 224/224 MP: 17/44
    34 | D        | Killed a large bag of meat
    34 | D        | Reached skill level 27 in Invocations
    34 | D        | Reached skill level 27 in Stealth
    35 | D        | Killed a destroyer
    35 | D        | Reached skill level 27 in Spellcasting
    35 | D        | Reached XP level 22. HP: 233/233 MP: 17/52
    37 | D        | Killed a large bag of meat
    37 | D        | Reached XP level 23. HP: 240/240 MP: 18/53
    37 | D        | Noticed a destroyer
    37 | D        | Noticed a destroyer
    39 | D        | Noticed a destroyer
    39 | D        | Noticed a destroyer
    40 | D        | Noticed a destroyer
    42 | D        | Noticed a destroyer
    42 | D        | Killed a destroyer
    42 | D        | Reached XP level 24. HP: 249/249 MP: 19/53
    42 | D        | Killed a destroyer
    42 | D        | Noticed a destroyer
    43 | D        | Noticed a destroyer
    44 | D        | Killed a destroyer
    45 | D        | Killed a destroyer
    45 | D        | Reached XP level 25. HP: 257/257 MP: 20/53
    47 | D        | Noticed a destroyer
    47 | D        | Noticed a destroyer
    47 | D        | Mangled by The Servant

Skill      XL: |  1  2  3  4  5  6  7  8  9 10 11 12 13 14 15 16 17 18 19 20 21 |
---------------+----------------------------------------------------------------+-----
Fighting       | 12 13 15 16 22 27 | 27.0
Axes           | 20 23 25 26 27 | 27.0
Throwing       | 9 11 12 13 18 23 27 | 27.0
Dodging        | 19 21 23 24 27 | 27.0
Armour         | 9 17 27 | 27.0
Stealth        | 11 15 21 25 27 | 27.0
Unarmed Combat | 13 18 24 27 | 27.0
Spellcasting   | 9 12 16 20 27 | 27.0
Invocations    | 12 16 22 26 27 | 27.0

Action                   |  1- 3 |  4- 6 |  7- 9 | 10-12 | 13-15 | 16-18 | 19-21 | 22-24 | 25-27 || total
-------------------------+-------+-------+-------+-------+-------+-------+-------+-------+-------++-------
Melee: Executioner's axe |     1 |       |       |     2 |     5 |     5 |     8 |     9 |     1 ||    31
Dodge: Dodged            |       |       |       |       |       |     1 |       |     2 |       ||     3
